 Dungeon Crawl Stone Soup version 0.21-a0-538-gd16b88a (webtiles) character file.

358 KristoblXynda the Ducker (level 6, -5/35 HPs)
             Began as a Tengu Gladiator on Dec 16, 2017.
             Killed by nerve-wracking pain
             ... invoked by an orc priest
              (12 damage)
             ... on level 3 of the Dungeon.
             The game lasted 00:05:19 (2093 turns).

KristoblXynda the Ducker (Tengu Gladiator)          Turns: 2093, Time: 00:05:20

Health: -5/35      AC:  3    Str: 15    XL:     6   Next: 64%
Magic:  7/7        EV: 15    Int:  9    God:
Gold:   171        SH:  0    Dex: 16    Spells: 5/5 levels left

rFire    . . .     SeeInvis .   a - +0 long sword
rCold    . . .     Gourm    +   (no shield)
rNeg     . . .     Faith    .   b - +0 leather armour
rPois    .         Spirit   .   c - +0 hat
rElec    .         Reflect  .   (no cloak)
rCorr    .         Harm     .   (no gloves)
MR       .....                  (boots unavailable)
Stlth    +.........             o - amulet of the gourmand
HPRegen  0.11/turn              (no ring)
MPRegen  0.10/turn              (no ring)

@: no status effects
A: beak, talons 3, able to fly 1
a: Fly


You were on level 3 of the Dungeon.
You were very full.

You visited 1 branch of the dungeon, and saw 3 of its levels.

You collected 171 gold pieces.

Inventory:

Hand Weapons
 a - a +0 long sword (weapon)
Missiles
 d - 3 throwing nets (quivered)
Armour
 b - a +0 leather armour (worn)
 c - a +0 hat (worn)
Jewellery
 o - an amulet of the gourmand (around neck)
Wands
 p - a wand of acid (2)
 t - a wand of digging (17)
Scrolls
 k - a scroll of blinking {unknown}
 l - a scroll of immolation
 n - 2 scrolls of remove curse
 q - a scroll of teleportation {unknown}
 s - a scroll of fear
Potions
 e - a potion of curing
 h - a potion of haste
 i - a potion of lignification
 j - a potion of might {unknown}
 m - a potion of magic {unknown}
 r - a potion of ambrosia
 v - a potion of agility
 w - a potion of berserk rage {unknown}
Comestibles
 f - 3 bread rations
 g - a royal jelly
 u - a meat ration


   Skills:
 - Level 2.0 Fighting
 + Level 5.2 Long Blades
 + Level 4.2 Throwing
 + Level 0.0 Armour
 - Level 5.3 Dodging


You had 5 spell levels left.
You didn't know any spells.

Dungeon Overview and Level Annotations

Branches:
Dungeon (3/15)

Altars:
Xom


Innate Abilities, Weirdness & Mutations

You have a beak for a mouth.
You have claws for feet.
You can fly.


Message History

You peck the orc priest.
The orc priest is moderately wounded.
The orc priest miscasts a cantrip.
You barely miss the orc priest.
The orc priest is moderately wounded.
The orc priest hits you but does no damage.
You hit the orc priest.
The orc priest is heavily wounded.
The orc priest invokes the aid of Beogh against you.
Beogh smites you!
You closely miss the orc priest.
You peck the orc priest, but do no damage.
The orc priest is heavily wounded.
The orc priest hits you with a whip.
* * * LOW HITPOINT WARNING * * *
You hit the orc priest. Your kick misses the orc priest.
The orc priest is almost dead.
The orc priest calls down the wrath of Beogh upon you.
Pain shoots through your body!
You die...

#####
#######...#############
................(......
#####
######.##...##.##########
.... ........@###.#.#
#..######...o## ##..# ##
####..##........#
#........ ..
................#
#....#### #.
##...o##)###.b...# .#.#.#
#. #..$.##.#
#............... ##
#....##.#
#.#.##o.#.#.#.##.
#....##.###?#. ........#
# ##...........## ..#####
#


You could see an orc priest.

Vanquished Creatures
  Grinder (D:3)
  Ijyb (D:3)
  5 adders
  An ooze (D:3)
  2 worms (D:2)
  4 dart slugs
  2 leopard geckos (D:3)
  6 orcs (D:3)
  11 bats
  A giant cockroach (D:1)
  13 goblins
  5 hobgoblins
  4 jackals (D:1)
  A frilled lizard (D:2)
  9 kobolds
  5 rats
71 creatures vanquished.

Notes
Turn   | Place    | Note
-------+----------+-------------------------------------------
     0 | D:1      | KristoblXynda the Tengu Gladiator began the quest for the Orb.
     0 | D:1      | Reached XP level 1. HP: 12/12 MP: 2/2
   105 | D:1      | Reached XP level 2. HP: 17/17 MP: 3/3
   169 | D:1      | Reached XP level 3. HP: 17/21 MP: 4/4
   810 | D:2      | Reached XP level 4. HP: 20/26 MP: 5/5
  1451 | D:3      | Noticed Ijyb
  1454 | D:3      | Killed Ijyb
  1454 | D:3      | Gained mutation: You can fly. [Tengu growth]
  1454 | D:3      | Reached XP level 5. HP: 23/30 MP: 6/6
  1742 | D:3      | Found a shimmering altar of Xom.
  1870 | D:3      | Noticed Grinder
  1886 | D:3      | Killed Grinder
  1886 | D:3      | Reached skill level 5 in Long Blades
  1886 | D:3      | Reached skill level 5 in Dodging
  1886 | D:3      | Reached XP level 6. HP: 16/35 MP: 7/7
  2093 | D:3      | Killed from afar by an orc priest

Vault maps used:
D:1:      shiori_shiawase, kennysheep_another_room
D:3:      xom_butterflies, first_bread, uniq_grinder, uniq_ijyb

Skill      XL: |  1  2  3  4  5 |
---------------+----------------+-----
Long Blades    | 4 5 |  5.2
Dodging        | 4 5 |  5.3
Throwing       | 3 4 |  4.2
Fighting       | |  2.0

Action                   |  1- 3 |  4- 6 || total
-------------------------+-------+-------++-------
Melee: Long sword        |    63 |    64 ||   127
       Kick              |    18 |    17 ||    35
       Peck              |     8 |    10 ||    18
Evoke: Wand              |       |     3 ||     3
  Use: Scroll            |       |     9 ||     9
       Potion            |       |     1 ||     1
 Stab: Sleeping          |     2 |     4 ||     6
  Eat: Chunk             |       |    18 ||    18
Armor: Leather armour    |    10 |     9 ||    19
Dodge: Dodged            |    47 |    50 ||    97
       Rpst.: Long sword |    15 |    16 ||    31

Table legend:
 A = Spawn XP
 B = Non-spawn XP
 C = Spawn XP percentage of total XP
 D = Spawn monster count
 E = Non-spawn monster count
 F = Spawn count percentage of total count
 G = Total turns spent on level
                    A         B        C        D         E        F      G
               +---------+---------+-------+---------+---------+-------+---------
         Total |       0 |     512 |   0.0 |       0 |      71 |   0.0 |  2093
               +---------+---------+-------+---------+---------+-------+---------
           D:1 |       0 |      44 |   0.0 |       0 |      25 |   0.0 |   499
           D:2 |       0 |      74 |   0.0 |       0 |      18 |   0.0 |   834
           D:3 |       0 |     394 |   0.0 |       0 |      28 |   0.0 |   760
               +---------+---------+-------+---------+---------+-------+---------
